 Dungeon Crawl Stone Soup version 0.17-a0-1046-ga09e34d (webtiles) character file.

348459 AnnoyedKobold the Warrior (level 22, -31/153 HPs)
             Began as a Gargoyle Berserker on May 14, 2015.
             Was the Champion of Trog.
             Annihilated by a titan (32 damage)
             ... on level 5 of the Vaults on May 15, 2015.
             The game lasted 03:59:17 (55200 turns).

AnnoyedKobold the Warrior (Gargoyle Berserker)     Turns: 55200, Time: 03:59:17

Health: -31/153    AC: 35    Str: 33    XL:     22   Next: 16%
Magic:  22/22      EV: 10    Int: 13    God:    Trog [******]
Gold:   3536       SH: 18    Dex:  8    Spells: 0 memorised, 21 levels left

rFire  + + .     SeeInvis .     m - +13 morningstar of Altruism {flame, rElec}
rCold  + + +     Clarity  .     V - +3 plate armour {MR+}
rNeg   + . .     SustAb   .     C - +2 shield
rPois  ∞         Gourm    +     k - +0 helmet
rElec  +         Spirit   .     Z - +2 cloak
rCorr  .         Warding  .     b - +1 pair of gloves {Str+3}
rMut   .         Stasis   .     (no boots)
MR     +++..                    y - amulet of the gourmand
Stlth  ..........               i - ring of Midwinter {rF+ rC+ Int+4}
                                O - ring of Idealism {*Corrode rF+ rC++ Stlth-}

@: silence, corroded equipment, extremely resistant to hostile enchantments,
extremely unstealthy
A: big wings, rough black scales 1, magic resistance 1, negative energy
resistance 1, electricity resistance, unbreathing, petrification resistance, rot
immunity, AC +16
a: Fly, Renounce Religion
}: 2/15 runes: decaying, serpentine


You were on level 5 of the Vaults.
You worshipped Trog.
Trog was exalted by your worship.
You were full.

You visited 7 branches of the dungeon, and saw 42 of its levels.
You also visited: Labyrinth and Ice Cave.

You collected 4362 gold pieces.
You spent 826 gold pieces at shops.

Inventory:

Hand weapons
 m - the +13 morningstar of Altruism (weapon) {flame, rElec}
   (Trog gifted it to you on level 8 of the Lair of Beasts)

   It has been specially enchanted to burn those struck by it, causing extra
   injury to most foes and up to half again as much damage against particularly
   susceptible opponents.
   It insulates you from electricity.
Armour
 b - a +1 pair of gloves of strength (worn)
 f - a +0 pair of boots
 k - a +0 helmet (worn)
 C - a +2 shield (worn)
 V - a +3 plate armour of magic resistance (worn)
 Z - a +2 cloak (worn)
Jewellery
 i - the ring of Midwinter (right hand) {rF+ rC+ Int+4}
   (You found it on level 3 of the Orcish Mines)

   [ring of protection from fire]

   It affects your intelligence (+4).
   It protects you from fire.
   It protects you from cold.
 j - an uncursed ring of sustain abilities
 q - an uncursed ring of protection from fire
 y - an amulet of the gourmand (around neck)
 B - an uncursed amulet of clarity
 F - an uncursed amulet of resist mutation
 H - an uncursed ring of see invisible
 J - a +3 ring of intelligence
 N - an uncursed amulet of resist corrosion
 O - the ring of Idealism (left hand) {*Corrode rF+ rC++ Stlth-}
   (You took it off a deep elf sorcerer on level 3 of the Elven Halls)

   [ring of loudness]

   It protects you from fire.
   It greatly protects you from cold.
   It may corrode your equipment when you take damage.
   It makes you less stealthy.
 U - an uncursed ring of protection from magic
Magical devices
 r - a wand of flame (24)
 D - a wand of paralysis (3)
 Y - a wand of paralysis (16)
Scrolls
 a - 2 scrolls of identify
 d - 2 scrolls of summoning
 n - 2 scrolls of brand weapon
 o - 21 scrolls of remove curse
 s - 3 scrolls of fog
 u - 5 scrolls of enchant weapon
 v - a scroll of fear
 x - 3 scrolls of magic mapping
 A - 6 scrolls of teleportation
 E - a scroll of silence
 G - 2 scrolls of holy word
 K - 7 scrolls of recharging
Potions
 e - 7 potions of curing
 g - a potion of lignification
 l - 2 potions of haste
 z - 8 potions of might
 I - 2 potions of cancellation
 Q - 2 potions of resistance
 T - a potion of heal wounds
Comestibles
 c - 15 bread rations
 h - 6 slices of pizza
 p - 17 meat rations
 t - 9 beef jerkies
 w - a fruit
 R - 8 royal jellies


   Skills:
 - Level 20.7 Fighting
 - Level 19.4 Maces & Flails
 - Level 18.8 Armour
 - Level 3.0 Dodging
 + Level 18.9 Shields


You had 21 spell levels left.
You didn't know any spells.

Dungeon Overview and Level Annotations

Branches:
Dungeon (14/15)            Temple (0/1) D:5            Lair (8/8) D:10
  Swamp (4/4) Lair:6        Snake (4/4) Lair:4        Slime (0/6) Lair:6
    Orc (4/4) D:12            Elf (3/3) Orc:4        Vaults (5/5) D:14
  Crypt (0/3) Vaults:3

Altars:
Dithmenos
Fedhas
Gozag
Kikubaaqudgha
Makhleb
Okawaru
Ru
Sif Muna
Vehumet
Yredelemnul
Beogh
Jiyva

Shops:
D:13 *   Orc:1 [   Orc:4 !*[:(   Vaults:4 !

Portals:
Trove: Vaults:2 (give 4 scrolls of blinking)

Annotations:
D:12 exclusion: oklob plant
Lair:6 1 runed door
Swamp:3 Donald


Innate Abilities, Weirdness & Mutations

You are resistant to torment.
Your stone body is resilient (AC +16).
You are immune to poison.
Your large and strong wings let you fly indefinitely.
You resist negative energy.
You are resistant to electric shocks.
You can survive without breathing.
You are immune to petrification.
You are immune to rotting.
You are partially covered in rough black scales (AC +4, Dex -1).
You are resistant to hostile enchantments.


Message History

The vault guard hits you but does no damage.
You block the titan's attack.
The sea snake bites you but does no damage.
The vault guard is engulfed in ghostly flame.
You block the vault guard's attack. The orc hits you but does no damage.
The vault guard hits you with a long sword of electrocution.
* * * LOW HITPOINT WARNING * * *
The vault guard is engulfed in ghostly flame.
The sphinx casts a spell.
Something smites you!
* * * LOW HITPOINT WARNING * * *
Your entropic artefact corrodes your equipment!
Unknown command.
You closely miss the vault guard.
The vault guard is lightly wounded.
You block the vault warden's attack. You block the vault guard's attack.
The sea snake bites you but does no damage.
The vault guard hits you but does no damage.
You block the vault guard's attack. The titan hits you!!
You die...

#....# .# #
#....# .# . ..
#....#..# .. ...
#..o.#..#..#
....#.ooo#......
.....Cpppp.....
###..GppSpc#####
....oop@ppT.....
.....pCpppe.....
.....ZpppDp.....
.......CHc......
###........#####
#.........
#.##....#... .#
#....##..#


You could see a titan, a storm dragon, a frost giant, a sphinx, a stone giant, a
vault warden, a yaktaur captain, 16 vault guards, an orc knight, a deep elf
death mage, a great orb of eyes shaped shifter, a sea snake shaped shifter, a
deep troll, a vault sentinel, a yaktaur, a spectral human, an orc warrior
(frenzied) and 4 orcs.

Vanquished Creatures
  Margery (Vaults:4)
  Jorgrun (Snake:3)
  2 deep elf blademasters
  2 deep elf master archers (Elf:3)
  Gastronok (D:11)
  A thorn hunter (Swamp:2)
  7 greater nagas (Snake:4)
  The ghost of Sixotanaka the Shatterer, a powerful OgBe of Trog (Lair:8)
  Wiglaf (Elf:3)
  5 vault wardens
  3 deep elf sorcerers (Elf:3)
  5 ironheart preservers
  3 orc warlords
  2 stone giants
  5 deep elf demonologists (Elf:3)
  12 deep elf annihilators
  7 deep elf death magi
  A great orb of eyes (Vaults:3)
  2 blizzard demons (IceCv)
  3 fire dragons (Swamp:4)
  A minotaur (Lab)
  Josephine (Swamp:1)
  3 deep elf high priests (Elf:3)
  16 vault guards
  An ettin (Vaults:4)
  4 yaktaur captains
  Fannar (D:10)
  An ice dragon (Lair:2)
  4 ogre magi
  A rakshasa (Vaults:1)
  Harold (D:12)
  16 hydras
  A death knight (Vaults:3)
  5 centaur warriors
  13 naga warriors
  2 alligators
  A ghost crab (Swamp:3)
  12 anacondas
  A dancing weapon (Elf:2)
  3 salamander stormcallers
  3 orc high priests (Orc:4)
  2 deep troll earth magi (Vaults:2)
  18 death yaks
  A queen ant (Lair:4)
  7 shock serpents
  The ghost of morfei the Brawler, a powerful VSMo of Ru (D:12)
  13 naga sharpshooters
  A soul eater (Orc:4)
  19 deep elf knights
  5 ice devils (IceCv)
  5 hell knights (Vaults:4)
  3 small abominations
  4 skeletal warriors
  A shadow wraith (Vaults:1)
  4 ironbrand convokers
  6 naga ritualists
  7 sea snakes
  2 wizards (D:14)
  4 fire crabs
  2 spriggan druids
  2 salamander mystics
  11 deep trolls
  An unseen horror (D:14)
  10 deep elf summoners
  2 ice statues
  2 shambling mangroves
  6 swamp dragons
  A giant orange brain (Vaults:2)
  5 hill giants
  A shining eye (shapeshifter) (D:13)
  10 deep elf conjurers
  3 necromancers
  4 wolf spiders
  16 orc knights
  9 mana vipers
  5 ugly things
  5 salamanders
  8 griffons
  9 orc sorcerers
  A manticore (D:10)
  21 elephants
  6 cyclopes
  7 naga magi
  5 hornets
  Maurice (Orc:3)
  7 guardian serpents
  An octopode (shapeshifter) (Vaults:2)
  4 vault sentinels
  2 molten gargoyles (Lair:3)
  A torpor snail (Lair:7)
  17 spiny frogs
  4 anaconda simulacra (IceCv)
  18 yaktaurs
  8 fire drakes
  An efreet (D:13)
  48 black mambas
  10 komodo dragons
  2 golden dragon simulacra (IceCv)
  A demonic crawler (Elf:3)
  4 freezing wraiths (IceCv)
  A queen bee (D:11)
  A merfolk (D:10)
  15 deep elf priests
  3 polar bears
  5 trolls
  7 two-headed ogres
  A jumping spider (Elf:1)
  7 giant leeches
  26 blink frogs
  Grinder (D:3)
  12 slime creatures
  A trapdoor spider zombie (D:11)
  7 bog bodies
  A boulder beetle (shapeshifter) (Elf:3)
  3 boulder beetles
  12 ravens
  A blue devil (IceCv)
  5 spriggans
  3 shadows
  2 tarantellas
  A trapdoor spider (D:14)
  14 redbacks
  A human (D:7)
  2 fire bats (Swamp:4)
  4 dire elephant simulacra (IceCv)
  45 yaks
  A ynoxinul (Elf:3)
  8 wraiths
  33 deep elf magi
  3 basilisks
  A basilisk (shapeshifter) (Elf:1)
  29 deep elf fighters
  19 vampire mosquitoes
  4 wyverns
  7 hippogriffs
  A steam dragon (Lair:7)
  12 swamp worms
  2 hungry ghosts
  A hog (D:10)
  11 wolves
  A hippogriff (shapeshifter) (Vaults:3)
  2 mottled dragons
  19 soldier ants (Lair:4)
  6 harpy simulacra (IceCv)
  A spectral spiny frog (Swamp:3)
  5 wargs
  9 insubstantial wisps
  A hydra simulacrum (IceCv)
  61 orc warriors
  54 nagas
  7 swamp drakes
  28 water moccasins
  3 spiders (Lair:8)
  5 porcupines
  A phantom (D:12)
  4 sky beasts
  9 black bears
  2 ettin simulacra (IceCv)
  24 ice beasts
  The ghost of eataudio the Skirmisher, an average MiFi (D:3)
  2 necrophages
  A black bear (shapeshifter) (Vaults:2)
  5 wasps
  26 ogres
  10 centaurs
  5 big kobolds
  2 elf zombies (D:8)
  17 crocodiles
  A gnoll sergeant (D:10)
  15 giant frogs
  3 scorpions
  A wyvern skeleton (D:12)
  6 electric eels
  A swamp dragon simulacrum (IceCv)
  32 killer bees
  16 wights
  4 centaur zombies
  3 giant frog skeletons
  2 draconian simulacra (IceCv)
  5 crimson imps
  2 jellies
  37 orc priests
  A polar bear simulacrum (IceCv)
  3 hounds
  2 human zombies (D:8)
  33 orc wizards
  5 centaur skeletons
  5 iguanas
  3 gnoll shamans (D:10)
  15 hell rats
  4 troll simulacra (IceCv)
  21 worker ants
  31 sheep
  A spectral swamp drake (Swamp:3)
  A killer bee zombie (D:6)
  2 spriggan simulacra (IceCv)
  An ogre zombie (D:8)
  4 centaur simulacra
  2 hound zombies
  4 hound skeletons
  A mummy (D:8)
  An ogre simulacrum (IceCv)
  64 river rats
  11 gnolls
  A naga simulacrum (IceCv)
  18 adders
  A shadow imp (D:8)
  11 white imps
  9 ufetubi
  An adder zombie (D:5)
  An ooze (D:5)
  3 worms
  5 giant geckos
  232 orcs
  4 ball pythons
  10 bats
  6 giant cockroaches
  18 goblins
  31 hobgoblins
  24 kobolds
  5 giant newts
  13 jackals
  An orc skeleton (D:8)
  4 quokkas
  14 rats
  A spectral kobold (Swamp:3)
  6 fungi
  6 plants
1932 creatures vanquished.

Vanquished Creatures (collateral kills)
  A salamander (Snake:2)
  A troll (Orc:3)
  2 wargs (Orc:3)
  6 orc warriors (Orc:3)
  An ogre (Orc:3)
  An orc wizard (Orc:3)
  12 orcs (Orc:3)
  A hobgoblin (Orc:3)
  A goblin (Orc:3)
  A plant (Lair:3)
27 creatures vanquished.

Vanquished Creatures (others)
  A hill giant (Orc:3)
  An orc sorcerer (Vaults:1)
  A black mamba (Lair:8)
  2 two-headed ogres
  2 ravens
  2 steam dragons (Swamp:4)
  A vampire mosquito (Swamp:4)
  A naga (Snake:4)
  3 swamp drakes (Swamp:4)
  An orc warrior (Vaults:1)
  2 lost souls (Elf:3)
  An orc priest (Vaults:1)
  2 orc wizards
  An orc (Orc:1)
  A briar patch (Swamp:2)
  9 fungi
  6 plants
37 creatures vanquished.

Grand Total: 1996 creatures vanquished

Notes
Turn   | Place    | Note
--------------------------------------------------------------
     0 | D:1      | AnnoyedKobold the Gargoyle Berserker began the quest for the Orb.
     0 | D:1      | Reached XP level 1. HP: 14/14 MP: 1/1
   217 | D:1      | Reached XP level 2. HP: 13/19 MP: 2/2
   616 | D:1      | Reached XP level 3. HP: 23/23 MP: 3/3
   886 | D:2      | Acquired Trog's second power
   912 | D:2      | Found a basalt altar of Yredelemnul.
  1424 | D:2      | Reached XP level 4. HP: 24/29 MP: 4/4
  1480 | D:2      | Reached skill level 4 in Fighting
  1604 | D:2      | Found a deep blue altar of Sif Muna.
  1883 | D:3      | Noticed eataudio's ghost (average MiFi)
  1909 | D:3      | Killed eataudio's ghost
  1909 | D:3      | Reached skill level 5 in Fighting
  1909 | D:3      | Reached XP level 5. HP: 20/35 MP: 5/5
  2148 | D:3      | Noticed Grinder
  2155 | D:3      | Paralysed by Grinder for 3 turns
  2162 | D:3      | Killed Grinder
  2162 | D:3      | Reached skill level 5 in Maces & Flails
  2162 | D:3      | Reached XP level 6. HP: 41/41 MP: 6/6
  2173 | D:3      | Reached skill level 6 in Fighting
  2173 | D:3      | Reached XP level 7. HP: 32/46 MP: 7/7
  3157 | D:4      | Found an iron altar of Okawaru.
  3630 | D:5      | Entered Level 5 of the Dungeon
  3923 | D:5      | Found a staircase to the Ecumenical Temple.
  4287 | D:5      | Found a sacrificial altar of Ru.
  4383 | D:5      | Reached skill level 7 in Fighting
  4639 | D:6      | Reached XP level 8. HP: 40/53 MP: 8/8
  4753 | D:6      | Acquired Trog's third power
  4780 | D:6      | Found an opulent altar of Gozag.
  5183 | D:6      | Reached skill level 8 in Fighting
  5589 | D:7      | Reached skill level 9 in Fighting
  5631 | D:7      | Reached XP level 9. HP: 55/60 MP: 9/9
  5971 | D:7      | Reached skill level 10 in Fighting
  7071 | D:8      | Found an ancient bone altar of Kikubaaqudgha.
  7111 | D:8      | Reached skill level 10 in Maces & Flails
  7120 | D:8      | Reached skill level 11 in Fighting
  7120 | D:8      | Reached XP level 10. HP: 67/69 MP: 10/10
  7924 | D:9      | Received a gift from Trog
  7937 | D:9      | Reached skill level 5 in Armour
  8152 | D:9      | Found a shadowy altar of Dithmenos.
  8198 | D:9      | Found a radiant altar of Vehumet.
  8545 | D:9      | Found a runed door.
  8554 | D:9      | Noticed a hill giant
  8604 | D:10     | Entered Level 10 of the Dungeon
  8614 | D:10     | Noticed Fannar
  8694 | D:10     | Killed Fannar
  9301 | D:10     | Identified a scroll of acquirement
  9585 | D:10     | Gained mutation: You are covered in fur (AC +1). [potion of beneficial mutation]
  9631 | D:10     | Reached XP level 11. HP: 69/74 MP: 11/11
  9674 | D:10     | Noticed a manticore
  9694 | D:10     | Killed a manticore
  9694 | D:10     | Reached skill level 10 in Armour
 10106 | D:10     | Received a gift from Trog
 10398 | D:10     | Found a staircase to the Lair.
 10581 | Lair:1   | Entered Level 1 of the Lair of Beasts
 10665 | Lair:1   | Reached skill level 12 in Armour
 10831 | Lair:1   | Received a gift from Trog
 11910 | Lair:2   | Noticed an ice statue
 11911 | Lair:2   | Noticed an ice dragon
 12237 | Lair:3   | Reached XP level 12. HP: 80/80 MP: 12/12
 12257 | Lair:3   | Noticed a four-headed hydra
 12271 | Lair:3   | Killed a four-headed hydra
 12768 | Lair:3   | Reached skill level 13 in Armour
 13587 | Lair:4   | Noticed a queen ant
 13597 | Lair:4   | Killed a queen ant
 13612 | Lair:4   | Received a gift from Trog
 14108 | Lair:4   | Found an ancient bone altar of Kikubaaqudgha.
 14176 | Lair:4   | Found a staircase to the Snake Pit.
 14197 | Snake:1  | Entered Level 1 of the Snake Pit
 14479 | Snake:1  | Reached XP level 13. HP: 88/88 MP: 13/13
 14585 | Snake:1  | Reached skill level 14 in Armour
 15169 | Snake:1  | Noticed a naga warrior
 15234 | Snake:1  | Killed a naga warrior
 15270 | Snake:1  | Gained mutation: You are partially covered in rough black scales (AC +4, Dex -1). [potion of beneficial mutation]
 15765 | Snake:1  | Noticed an anaconda
 15782 | Snake:1  | Killed an anaconda
 16654 | Snake:2  | Received a gift from Trog
 17519 | Snake:2  | Reached skill level 15 in Armour
 17889 | Snake:3  | Gained mutation: Your large and strong wings let you fly indefinitely. [Gargoyle growth]
 17889 | Snake:3  | Reached XP level 14. HP: 96/96 MP: 6/14
 18591 | Snake:3  | Reached skill level 15 in Fighting
 18603 | Snake:3  | Noticed Jorgrun
 18634 | Snake:3  | Killed Jorgrun
 19047 | Snake:3  | Reached skill level 16 in Armour
 19824 | Snake:4  | Entered Level 4 of the Snake Pit
 19927 | Snake:4  | Received a gift from Trog
 19946 | Snake:4  | Noticed a greater naga
 19946 | Snake:4  | Noticed a greater naga
 19989 | Snake:3  | Reached XP level 15. HP: 72/104 MP: 15/15
 20202 | Snake:4  | Killed a greater naga
 20557 | Snake:4  | Killed a greater naga
 20958 | Snake:4  | Noticed a greater naga
 20978 | Snake:4  | Killed a greater naga
 21028 | Snake:4  | Noticed a greater naga
 21039 | Snake:4  | Killed a greater naga
 21059 | Snake:4  | Noticed a greater naga
 21067 | Snake:4  | Killed a greater naga
 21067 | Snake:4  | Reached skill level 15 in Maces & Flails
 21202 | Snake:4  | Reached skill level 17 in Armour
 21454 | Snake:4  | HP: 2/105 [sea snake (4)]
 21832 | Snake:4  | Noticed a greater naga
 21833 | Snake:4  | Noticed a greater naga
 22051 | Snake:4  | Killed a greater naga
 22133 | Snake:4  | Killed a greater naga
 22286 | Snake:4  | Reached XP level 16. HP: 98/112 MP: 10/16
 22302 | Snake:4  | Got a serpentine rune of Zot
 23128 | Lair:5   | Received a gift from Trog
 24615 | Lair:7   | Received a gift from Trog
 24919 | Lair:7   | Got a bloodstained great mace {god gift}
 24920 | Lair:7   | Identified the +7 great mace of the Dove {venom, Int+2} (Trog gifted it to you on level 7 of the Lair of Beasts)
 25049 | Lair:6   | Reached skill level 18 in Armour
 25050 | Lair:6   | Found a staircase to the Swamp.
 25423 | Swamp:1  | Entered Level 1 of the Swamp
 25582 | Lair:6   | Found a runed door.
 25582 | Lair:6   | Found a viscous altar of Jiyva.
 25587 | Lair:6   | Found a staircase to the Slime Pits.
 25587 | Lair:6   | Noticed an acid blob
 25587 | Lair:6   | Noticed an acid blob
 26540 | Lair:7   | Received a gift from Trog
 27122 | Lair:7   | Reached XP level 17. HP: 114/119 MP: 17/17
 27294 | Lair:8   | Entered Level 8 of the Lair of Beasts
 27297 | Lair:8   | Noticed Sixotanaka's ghost (powerful OgBe)
 27317 | Lair:8   | Killed Sixotanaka's ghost
 29027 | Lair:8   | Received a gift from Trog
 29041 | Lair:8   | Got a shimmering morningstar {god gift}
 29042 | Lair:8   | Identified the +13 morningstar of Altruism {flame, rElec} (Trog gifted it to you on level 8 of the Lair of Beasts)
 29652 | Swamp:1  | Noticed Josephine
 29664 | Swamp:1  | Killed Josephine
 29739 | Swamp:1  | Reached skill level 1 in Shields
 31562 | Swamp:4  | Entered Level 4 of the Swamp
 31999 | Swamp:4  | Received a gift from Trog
 32148 | Swamp:4  | Reached skill level 5 in Shields
 32187 | Swamp:3  | Noticed Donald
 32845 | Swamp:4  | Reached XP level 18. HP: 82/127 MP: 18/18
 33065 | Swamp:4  | Got a decaying rune of Zot
 33259 | Swamp:2  | Reached skill level 19 in Fighting
 33522 | Swamp:2  | Reached XP level 19. HP: 132/132 MP: 19/19
 33979 | Lair:2   | Killed an ice dragon
 34385 | Lair:2   | Killed an ice statue
 34526 | D:10     | Found a burning altar of Makhleb.
 34792 | D:11     | Lost mutation: You are covered in fur (AC +1). [potion of mutation]
 34792 | D:11     | Gained mutation: You are resistant to hostile enchantments. [potion of mutation]
 35262 | D:11     | Received a gift from Trog
 35552 | D:11     | Noticed Gastronok
 35564 | D:11     | Killed Gastronok
 35751 | D:12     | Noticed Harold
 35760 | D:12     | Killed Harold
 35810 | D:12     | Found a staircase to the Orcish Mines.
 35824 | Orc:1    | Entered Level 1 of the Orcish Mines
 36016 | Orc:1    | Found Diugg's Armour Boutique.
 36286 | Orc:1    | Received a gift from Trog
 37111 | Orc:3    | Found a roughly hewn altar of Beogh.
 37237 | Orc:3    | Noticed Maurice
 37251 | Orc:3    | Killed Maurice
 37373 | Orc:3    | Received a gift from Trog
 37428 | Orc:3    | Got a flickering bone ring
 37503 | Orc:3    | Identified the ring of Midwinter {rF+ rC+ Int+4} (You found it on level 3 of the Orcish Mines)
 37627 | Orc:3    | Upgraded the game from 0.17-a0-1037-gbf358b4 to 0.17-a0-1046-ga09e34d
 37855 | Orc:4    | Entered Level 4 of the Orcish Mines
 38067 | Orc:4    | Found Gaemmem's Distillery.
 38081 | Orc:4    | Bought a potion of heal wounds for 50 gold pieces
 38083 | Orc:4    | Found a roughly hewn altar of Beogh.
 38148 | Orc:4    | Received a gift from Trog
 38268 | Orc:4    | Found a staircase to the Elven Halls.
 39360 | Orc:4    | Reached skill level 10 in Shields
 39388 | Orc:4    | Received a gift from Trog
 39816 | Orc:4    | Found Baliz Tusch's Antique Armour Boutique.
 39818 | Orc:4    | Found Gaps's Antique Weapon Shop.
 39826 | Orc:4    | Found Piterhan's General Store.
 39826 | Orc:4    | Found Ukugixzu's Book Boutique.
 39873 | Orc:4    | Bought an uncursed amulet of clarity for 260 gold pieces
 39875 | Orc:4    | Bought a scroll of identify for 26 gold pieces
 39888 | Orc:4    | Bought a pair of glowing gloves for 130 gold pieces
 40205 | Elf:1    | Entered Level 1 of the Elven Halls
 40537 | Elf:1    | Found a frozen archway.
 40546 | Elf:1    | Received a gift from Trog
 40593 | IceCv    | Entered an ice cave
 42589 | Elf:1    | Received a gift from Trog
 42976 | Elf:2    | Reached XP level 20. HP: 140/140 MP: 20/20
 42981 | Elf:2    | Received a gift from Trog
 43076 | Elf:3    | Entered Level 3 of the Elven Halls
 43172 | Elf:3    | Reached skill level 20 in Fighting
 43929 | Elf:3    | Got a slimy great sword {flame}
 43946 | Elf:3    | Identified the +11 great sword "Xokkacw" {flame, +Rage +Fly rC+ Stlth-} (You took it off a deep elf annihilator on level 3 of the Elven Halls)
 44432 | Elf:3    | Got a polished demon trident
 44539 | Elf:2    | Identified the cursed +2 demon trident of Slow Death {drain, rElec Str+5 Int-4} (You took it off a deep elf annihilator on level 3 of the Elven Halls)
 44660 | Elf:3    | Got a translucent wooden ring
 44679 | Elf:3    | Got a fine copper ring
 44793 | Elf:3    | Identified the ring of Idealism {*Corrode rF+ rC++ Stlth-} (You took it off a deep elf sorcerer on level 3 of the Elven Halls)
 44830 | Elf:3    | Identified the ring of Myerpheg {SustAb rC+ rN+ Dex-5} (You took it off a deep elf death mage on level 3 of the Elven Halls)
 45299 | Elf:3    | Received a gift from Trog
 45826 | Elf:3    | Got an uncursed translucent morningstar
 45827 | Elf:3    | Identified the +8 morningstar "Yruudar" {antimagic, Str+4} (You took it off a deep elf priest on level 3 of the Elven Halls)
 46701 | Elf:3    | Noticed Wiglaf
 46719 | Elf:3    | Killed Wiglaf
 46974 | Elf:3    | Received a gift from Trog
 48394 | D:12     | Found a blossoming altar of Fedhas.
 48404 | D:12     | Noticed morfei's ghost (powerful VSMo)
 48415 | D:12     | Killed morfei's ghost
 48670 | D:13     | Found a labyrinth entrance.
 48679 | Lab      | Entered a labyrinth
 49025 | Lab      | Identified the Disquisition on the Rocks
 49359 | D:13     | Found Nasu's General Store.
 49475 | D:13     | Received a gift from Trog
 49489 | D:13     | Got a warped morningstar {god gift}
 49490 | D:13     | Identified the +1 morningstar of Trog's Scorn {flame, rPois MR++ Dex+2} (Trog gifted it to you on level 13 of the Dungeon)
 50037 | D:14     | Reached XP level 21. HP: 127/147 MP: 21/21
 50322 | D:14     | Found a gate to the Vaults.
 50365 | Vaults:1 | Entered Level 1 of the Vaults
 50957 | Vaults:1 | Received a gift from Trog
 51011 | Vaults:1 | Reached skill level 15 in Shields
 52508 | Vaults:2 | Found a portal to a secret trove of treasure.
 52764 | Vaults:3 | Received a gift from Trog
 53779 | Vaults:3 | Found a staircase to the Crypt.
 54411 | Vaults:4 | Received a gift from Trog
 54509 | Vaults:4 | Noticed Margery
 54525 | Vaults:4 | Killed Margery
 54633 | Vaults:4 | Found Roaduf's Distillery.
 54652 | Vaults:4 | Bought a potion of heal wounds for 60 gold pieces
 54652 | Vaults:4 | Bought a potion of heal wounds for 60 gold pieces
 54652 | Vaults:4 | Bought a potion of cancellation for 96 gold pieces
 54652 | Vaults:4 | Bought a potion of might for 48 gold pieces
 54652 | Vaults:4 | Bought a potion of cancellation for 96 gold pieces
 54812 | Vaults:4 | Reached XP level 22. HP: 153/153 MP: 22/22
 55050 | Vaults:5 | Entered Level 5 of the Vaults
 55197 | Vaults:5 | Received a gift from Trog
 55199 | Vaults:5 | HP: 1/153 [sphinx/divine providence (15)]
 55200 | Vaults:5 | Annihilated by a titan

Vault maps used:
D:1:      saegor_arrival_simple_e, supply_closet_lemuel,
          corexii_leaking_fountain
D:2:      led_sif_pool, yredelemnul_altar_generic
D:3:      lexackson_kobold_supper, uniq_grinder
D:4:      lemuel_doored_altar
D:5:      minmay_temple_entry_purple_smoke, first_bread, kennysheep_diamond,
          nicolae_ru_great_annihilating_truth
D:6:      grunt_gozag_statues
D:7:      corexii_shack_village, grunt_livestock
D:8:      lemuel_mausoleum_altar_kikubaaqudgha, serial_glass, glass_columns_a,
          glass_columns_b, glass_columns_a, glass_columns_b, glass_columns_b,
          glass_columns_c
D:9:      kennysheep_mini, grunt_dithmenos_smoke_and_mirrors, minmay_st_funbox,
          serial_bayou_pond_b
D:10:     kennysheep_town, uniq_fannar
D:11:     special_room, kennysheep_generic_room_6, uniq_gastronok
D:12:     orc_0_dummy, tgw_fedhas, uniq_harold
D:13:     minmay_open_boxes_in_corner, serial_ice, serial_ice_n, serial_ice_j,
          serial_ice_g, serial_ice_d, lab_entry_generic, serial_shops, shop
D:14:     grunt_vaults_entry_fortified, evilmike_ruin_ashenzari,
          solitary_fountain
Lair:1:   gammafunk_lair_bear_cave, serial_bayou_ford_a,
          grunt_forest_large_clearing_hut, lemuel_fruit_tree
Lair:2:   ice2_lemuel, serial_bayou_shore_a
Lair:3:   cheibrodos_magma_flow, grunt_megastairs_4, infiniplex_staircase_pool
Lair:4:   dummy_snake_entry, basic_altar, minivault_29
Lair:5:   serial_bayou_shore_b, infiniplex_staircase_pool_2, grunt_megastairs_5
Lair:6:   minmay_swamp_entry_worms, slime_altar_2, st_stairs_9
Lair:8:   hangedman_lair_tendril_chambers
Swamp:1:  serial_swamp_ruin, evilmike_swamp_ruin_wall,
          evilmike_swamp_ruin_house_4, evilmike_swamp_ruin_rubble_2,
          swamp_pool1, uniq_josephine
Swamp:2:  evilmike_swamp_ruin_rubble_1
Swamp:3:  hangedman_swamp_ruin_wall, uniq_donald
Swamp:4:  swamp_fiery
Snake:3:  st_stairs_7, grunt_ministairs_7, uniq_jorgrun
Snake:4:  grunt_snake_rune_pools, grunt_megastairs_1
Orc:1:    serial_shops, nicolae_shop_behind_doors, nicolae_orc_pool_cavern
Orc:2:    serial_shops, shop
Orc:3:    basic_altar, minmay_orc_treasury, uniq_maurice
Orc:4:    st_orc_congregation, serial_shops, shop, mines2_david
Elf:1:    portal_ice_cave_entry_ice_beasts, minmay_elf_annihilation
Elf:3:    grunt_elf_hall_branching, minivault_19, uniq_wiglaf
Vaults:1: ontoclasm_vaults_shuriken, hangedman_vaults_slither, v_misc_1,
          v_misc_33, v_rooms_5, vaults_room_grunt_arrival_checkpoint,
          nicolae_vaults_what_the_h, ontoclasm_vaults_claustrophobia,
          hangedman_vaults_corner_blocks, vaults_room_grid, v_misc_19,
          grunt_vaults_focal, uniq_saint_roka
Vaults:2: vaults_room_door_hall, v_alt_pattern_1, vaults_dpeg_hooks,
          nicolae_vaults_little_squares_2, grunt_vaults_trifunnel,
          dpeg_vaults_monster_box, v_rooms_1, hangedman_vaults_capsules,
          grunt_vaults_swirl, ontoclasm_vaults_twist,
          nicolae_trove_entry_columns
Vaults:3: minmay_crypt_entry_simple_sparse, v_misc_4, ontoclasm_vaults_spin,
          vaults_room_pools, v_rooms_6, v_misc_18, vaults_dpeg_ring,
          nicolae_vaults_little_squares_4, nicolae_vaults_little_squares_3,
          vaults_dpeg_cross, nicolae_vaults_little_squares_6
Vaults:4: kennysheep_vaults_gozag_temple, hangedman_vaults_locks,
          nicolae_vaults_twisting_passages, grunt_vaults_hallway_long,
          vaults_dpeg_encased_lava, nicolae_vaults_alarming,
          hangedman_vaults_variations, v_misc_17, ontoclasm_vaults_idyll,
          v_misc_23, ontoclasm_vaults_ligature, ontoclasm_vaults_misaligned,
          serial_shops, nicolae_shop_stone, uniq_sojobo, uniq_margery,
          uniq_xtahua
Vaults:5: serial_shops
IceCv:    ice_cave_caverns_01

Action                   |  1- 3 |  4- 6 |  7- 9 | 10-12 | 13-15 | 16-18 | 19-21 | 22-24 || total
-------------------------+-------+-------+-------+-------+-------+-------+-------+-------++-------
Melee: Mace              |   111 |    65 |    69 |   380 |       |       |       |       ||   625
       Whip              |       |       |   537 |   109 |       |       |       |       ||   646
       Flail             |       |       |     2 |       |       |       |       |       ||     2
       Great mace        |       |       |       |   250 |   796 |   796 |       |       ||  1842
       Eveningstar       |       |       |       |    91 |       |       |       |       ||    91
       Morningstar       |       |       |       |       |       |   424 |  2235 |   120 ||  2779
       Great sword       |       |       |       |       |       |       |     1 |       ||     1
Throw: Javelin           |       |       |       |     3 |       |       |       |       ||     3
Invok: Berserk           |       |     2 |     1 |    10 |     8 |     9 |    16 |       ||    46
       Burn Spellbooks   |       |       |     1 |     3 |     1 |     4 |     5 |       ||    14
       Brothers in Arms  |       |       |       |       |     2 |       |     2 |       ||     4
       Trog's Hand       |       |       |       |       |     1 |       |       |       ||     1
 Abil: Fly               |       |       |       |       |       |     1 |     2 |       ||     3
       Stop Flying       |       |       |       |       |       |     1 |     2 |       ||     3
Evoke: Wand              |       |       |       |     3 |     2 |     1 |     3 |       ||     9
  Use: Scroll            |     3 |       |    18 |    12 |    10 |     7 |    17 |     1 ||    68
       Potion            |     1 |       |     3 |     7 |     7 |     4 |     7 |     2 ||    31
 Stab: Paralysed         |       |       |     1 |       |       |       |       |       ||     1
       Fleeing           |       |       |       |     1 |       |       |       |       ||     1
       Distracted        |       |       |       |       |     1 |       |       |       ||     1
  Eat: Chunk             |     1 |     4 |    15 |    26 |     9 |    50 |    40 |       ||   145
       Meat ration       |       |       |     1 |       |       |       |     2 |       ||     3
       Bread ration      |       |       |       |     1 |     2 |     1 |     7 |       ||    11
       Fruit             |       |       |       |     6 |     7 |       |       |       ||    13
       Pizza             |       |       |       |       |     7 |       |       |       ||     7
       Royal jelly       |       |       |       |       |       |       |     5 |       ||     5
